 Dungeon Crawl Stone Soup version 0.28-a0-422-gd71735cc25 (webtiles) character file.

Game seed: 927310115784424642

65 Maimakterion the Slasher (level 3, -7/28 HPs)
             Began as a Vampire Chaos Knight on Sept 9, 2021.
             Was a Plaything of Xom.
             Mangled by an ogre (27 damage)
             ... on level 4 of the Dungeon.
             The game lasted 00:01:51 (1757 turns).

Maimakterion the Slasher (Vampire Chaos Knight)     Turns: 1757, Time: 00:01:51

Health: -7/28      AC:  7    Str: 12    XL:     3   Next: 94%
Magic:  3/3        EV: 12    Int: 14    God:    Xom [...*..]
Gold:   101        SH:  0    Dex: 13    Spells: 2/2 levels left

rFire   . . .      SeeInvis +   a - +0 falchion (chaos)
rCold   . . .      Faith    .   (no shield)
rNeg    . . .      Spirit   .   b - +2 leather armour
rPois   .          Reflect  .   (no helmet)
rElec   .          Harm     .   (no cloak)
rCorr   .          Rampage  .   k - +0 pair of gloves
Will    .....                   i - +0 pair of boots
Stlth   +.........              (no amulet)
HPRegen 0.29/turn               (no ring)
MPRegen 0.08/turn               (no ring)

@: healing quickly
A: alive, fangs 3, see invisible, vampiric 2
a: Exsanguinate, Renounce Religion


You were on level 4 of the Dungeon.
You worshipped Xom.
You were a favourite toy of Xom.
You visited 1 branch of the dungeon, and saw 3 of its levels.

You collected 101 gold pieces.

Inventory:

Hand Weapons
 a - a +0 falchion of chaos (weapon)
Armour
 b - a +2 leather armour (worn)
 i - a +0 pair of boots (worn)
 k - a +0 pair of gloves (worn)
Scrolls
 c - a scroll of identify {unknown}
 d - a scroll of fear {unknown}
 e - 2 scrolls of teleportation {unknown}
 f - a scroll of silence {unknown}
 g - a scroll of noise {unknown}
 j - a scroll of acquirement {unknown}
Potions
 h - a potion of lignification {unknown}


   Skills:
 - Level 2.6 Fighting
 * Level 4.5 Long Blades
 - Level 0.7 Armour
 * Level 2.9 Dodging
 + Level 0.2 Stealth


You had 2 spell levels left.
You didn't know any spells.
Your spell library was empty.

Dungeon Overview and Level Annotations

Branches:
Dungeon (2/15)

Altars:

Shops:
D:2 !


Innate Abilities, Weirdness & Mutations

Your natural rate of healing is accelerated.
You have razor-sharp teeth.
You have supernaturally acute eyesight. (SInv)
You are afflicted with vampirism and can become a bat while bloodless.


Message History

There is a stone staircase leading down here.
The quokka barely misses you. The quokka misses you.
The quokka closely misses you.
The quokka bites you but does no damage.
You hit the quokka.
The quokka is poisoned.
You bite the quokka.
The quokka is almost dead.
You kill the quokka!
You hit the hobgoblin. You burn the hobgoblin.
You kill the hobgoblin!
Things that are here:
a hobgoblin corpse; a quokka corpse You barely miss the ogre.
The ogre closely misses you.
Your leather armour prevents you from hitting the ogre.
The ogre hits you with a +0 giant spiked club.
You emit a cloud of colourful smoke!
You take 2 damage, and have 26/28 hp.
You barely miss the ogre. The ogre closely misses you.
You hit the ogre.
The ogre is moderately wounded.
The ogre blinks!
You are now a favourite toy of Xom.
Things that are here:
a hobgoblin corpse; a quokka corpse You hit the ogre.
You bite the ogre, but do no damage.
The ogre is moderately wounded.
The ogre hits you with a +0 giant spiked club!
You take 7 damage, and have 20/28 hp.
MASSIVE DAMAGE!!
You completely miss the ogre.
The ogre is moderately wounded. "This is how I like it!"
You swap places with the ogre.
You hit the ogre but do no damage.
The ogre is moderately wounded. "This might be better!"
The ogre seems to slow down.
The ogre hits you with a +0 giant spiked club!!
Ouch! That really hurt!
You die...
Xom laughs nastily!

#.........
###g.......# #
##...#..#...#
.##.#.#...#####
.## .........##
#
.....###.#######
#..# #.....##§#
#. #...#..#O####
#..##..§@§..#
#.....##..☼.#
#..##..###..##
.... #### ###
#####


You could see an ogre (slow).

Vanquished Creatures
  4 adders (D:2)
  2 bats (D:1)
  3 endoplasms (D:1)
  A giant cockroach (D:1)
  4 goblins
  A hobgoblin (D:4)
  3 kobolds
  3 quokkas
  3 ball pythons
  3 frilled lizards
  3 rats
30 creatures vanquished.

Notes
Turn   | Place    | Note
-------+----------+-------------------------------------------
     0 | D:1      | Maimakterion the Vampire Chaos Knight began the quest for
                  | the Orb.
     0 | D:1      | Reached XP level 1. HP: 17/17 MP: 1/1
    83 | D:1      | XOM: silly message
   433 | D:1      | Reached XP level 2. HP: 23/23 MP: 2/2
   749 | D:1      | XOM: divination: magic mapping
   950 | D:2      | Found Fieko's Distillery.
   957 | D:2      | XOM: smoke on damage
  1014 | D:2      | Gained mutation: You are afflicted with vampirism and can
                  | become a bat while bloodless. [Vampire growth]
  1014 | D:2      | Reached XP level 3. HP: 23/28 MP: 3/3
  1083 | D:2      | Reached skill level 4 in Long Blades
  1421 | D:2      | XOM: god gift: 39 gold pieces
  1685 | D:2      | You fall into a shaft and drop 2 floors!
  1694 | D:4      | Noticed an ogre
  1694 | D:4      | Noticed an ogre
  1749 | D:4      | XOM: smoke on damage
  1755 | D:4      | XOM: swap monsters
  1757 | D:4      | XOM: enchant monster (good)
  1757 | D:4      | Mangled by an ogre

Illustrated notes

Levels and vault maps discovered:
D:1:      minmay_arrival_widening_spiral_wide, layout_loops_corners
D:2:      layout_loops_ring, serial_shops, shop_statue
D:4:      layout_cave_pools, lemuel_doored_altar,
          nicolae_ru_the_path_less_chosen

Skill      XL: |  1  2  3 |
---------------+----------+-----
Long Blades    | 4 |  4.5
Fighting       | |  2.6
Armour         | |  0.7
Dodging        | |  2.9
Stealth        | |  0.2

Action                   || total
-------------------------++-------
Melee: Falchion          ||   101
       Bite              ||     8
Armor: Leather armour    ||    46
Dodge: Dodged            ||    74

Table legend: (Time is in decaauts)
 A = Elapsed time spent in this place.
 B = Non-inter-level travel time spent in this place.
 C = Inter-level travel time spent in this place.
 D = Time resting spent in this place.
 E = Time spent auto-exploring this place.
 F = Levels seen in this place.
 G = Mean time per level.
                   A        B        C        D        E       F      G
               +--------+--------+--------+--------+--------+-----+--------+
         Total |   1766 |   1695 |     71 |     67 |   1302 |   3 |  588.7 |
       Dungeon |   1766 |   1695 |     71 |     67 |   1302 |   3 |  588.7 |
               +--------+--------+--------+--------+--------+-----+--------+

Top non-repeatable levels by time:
     D:1: 923 daAuts
     D:2: 770 daAuts
     D:4: 72 daAuts
